 Dungeon Crawl Stone Soup version 0.28-a0-533-g9f97627 (webtiles) character file.

Game seed: 6719769147296857599

337674 Sixotanaka the Cryomancer (level 21, -4/153 HPs)
             Began as a Merfolk Ice Elementalist on Sept 26, 2021.
             Was the Champion of Vehumet.
             Shot with an arrow by a deep elf master archer (19 damage)
             ... on level 3 of the Elven Halls.
             The game lasted 03:55:43 (84005 turns).

Sixotanaka the Cryomancer (MfIE)                   Turns: 84005, Time: 03:55:45

Health: -4/153     AC: 32    Str: 12    XL:     21   Next: 92%
Magic:  5/47       EV: 15    Int: 21    God:    Vehumet [******]
Gold:   971        SH: 11    Dex: 17    Spells: 5/46 levels left

rFire   . . .      SeeInvis +   b - staff of conjuration
rCold   . . .      Faith    +   U - +3 buckler
rNeg    + . .      Spirit   .   i - +3 pearl dragon scales of Xeikh {rN+ SInv Stlth+}
rPois   +          Reflect  .   T - +2 helmet
rElec   +          Harm     .   z - +1 cloak {Will+}
rCorr   .          Rampage  .   A - +2 pair of gloves {Str+3}
Will    +++..                   R - +2 pair of boots
Stlth   ++........              Q - amulet of Vas Vuri {Faith rElec Will+}
HPRegen 0.35/turn               e - ring of magical power
MPRegen 0.30/turn               k - ring of poison resistance

@: ice-armoured
A: (nimble swimmer 2), mertail
}: 2/15 runes: decaying, gossamer
a: Renounce Religion


You were on level 3 of the Elven Halls.
You worshipped Vehumet.
Vehumet was exalted by your worship.
You visited 8 branches of the dungeon, and saw 39 of its levels.
You visited 1 bazaar.
You also visited: Ossuary.

You collected 3898 gold pieces.
You spent 2927 gold pieces at shops.

Inventory:

Hand Weapons
 a - a +6 rapier of electrocution
Armour
 i - the +3 pearl dragon scales of Xeikh (worn) {rN+ SInv Stlth+}
   (You found it on level 4 of the Swamp)

   rN:        It protects you from negative energy.
   SInv:      It lets you see invisible.
   Stlth:     It makes you more stealthy.
 z - a +1 cloak of willpower (worn)
 A - a +2 pair of gloves of strength (worn)
 B - the +1 leather armour "Vyddaten" {rF+ Dex+3}
   (You bought it in a shop on level 4 of the Dungeon)

   Dex:       It affects your dexterity (+3).
   rF:        It protects you from fire.
 M - a +4 kite shield of cold resistance
 R - a +2 pair of boots (worn)
 T - a +2 helmet (worn)
 U - a +3 buckler (worn)
Magical Staves
 b - a staff of conjuration (weapon)
 H - a staff of cold
Jewellery
 e - a ring of magical power (left hand)
 k - a ring of poison resistance (right hand)
 x - a +4 ring of evasion
 E - a ring of protection from fire
 J - the ring of Henotheism {rElec rC- rCorr EV+4 Int+4}
   (You found it on level 1 of the Lair of Beasts)

   [ring of evasion]

   EV:        It affects your evasion (+4).
   Int:       It affects your intelligence (+4).
   rC:        It makes you vulnerable to cold.
   rElec:     It insulates you from electricity.
   rCorr:     It protects you from acid and corrosion.
 N - a ring of ice
 P - a ring of see invisible
 Q - the amulet of Vas Vuri (around neck) {Faith rElec Will+}
   (You bought it in a shop in a bazaar)

   [amulet of faith]

   It allows you to gain divine favour quickly.
   rElec:     It insulates you from electricity.
   Will:      It increases your willpower.
 S - a ring of flight
Wands
 d - a wand of digging (9)
 y - a wand of iceblast (32)
 I - a wand of acid (31)
 O - a wand of flame (46)
 V - a wand of polymorph (6)
Scrolls
 l - 8 scrolls of vulnerability
 m - 4 scrolls of blinking
 n - 4 scrolls of amnesia
 u - 5 scrolls of teleportation
 v - 4 scrolls of immolation
 C - 2 scrolls of silence
 F - 5 scrolls of fog
 L - a scroll of summoning
Potions
 c - 7 potions of mutation
 f - 3 potions of might
 g - 9 potions of lignification
 h - 5 potions of attraction
 j - 2 potions of cancellation
 p - a potion of berserk rage
 r - 5 potions of brilliance
 s - 4 potions of haste
 t - 20 potions of curing
 w - 5 potions of resistance
 D - 6 potions of ambrosia
 K - 3 potions of flight
 W - a potion of magic
 Y - 2 potions of invisibility
 Z - 3 potions of heal wounds
Miscellaneous
 q - a phantom mirror


   Skills:
 - Level 10.0 Fighting
 - Level 5.0 Short Blades
 - Level 4.0 Armour
 - Level 16.0 Dodging
 - Level 2.1 Stealth
 - Level 15.0 Shields
 - Level 13.1 Spellcasting
 - Level 19.2 Conjurations
 * Level 21.1 Ice Magic


You had 5 spell levels left.
You knew the following spells:

 Your Spells              Type           Power      Damage    Failure   Level
a - Magic Dart            Conj           100%       1d8       0%          1
b - Frozen Ramparts       Ice            100%       1d12      0%          3
c - Ozocubu's Armour      Ice            80%        N/A       0%          3
d - Hailstorm             Conj/Ice       99%        3d19      1%          4
e - Foxfire               Conj/Fire      100%       2x1d9     1%          1
f - Iskenderun's Mystic   Conj/Tloc      69%        2d14      1%          4
g - Iskenderun's Battles  Conj           97%        2d14      1%          5
h - Stone Arrow           Conj/Erth      100%       3d13      1%          3
i - Freeze                Ice            100%       1d11      0%          1
j - Polar Vortex          Ice            40%        N/A       77%         9
z - Orb of Destruction    Conj           48%        9d15      2%          7

Your spell library contained the following spells:

 Spells                   Type           Power      Damage    Failure   Level
 Chain Lightning          Conj/Air       34%        3d46      100%        9
 Shatter                  Erth           6%         3d9*      100%        9
 Searing Ray              Conj           100%       2d8       0%          2
 Mephitic Cloud           Conj/Pois/Air  57%        N/A       1%          3
 Fulminant Prism          Conj/Hex       34%        3d16      1%          4
 Summon Ice Beast         Ice/Summ       55%        N/A       4%          4
 Fireball                 Conj/Fire      34%        3d14      4%          5
 Irradiate                Conj/Tmut      34%        3d24      4%          5
 Sandblast                Erth           26%        2d8       9%          1
 Poisonous Vapours        Pois/Air       26%        N/A       13%         2
 Animate Skeleton         Necr           26%        N/A       30%         1
 Pain                     Necr           52%        1d6       30%         1
 Sting                    Tmut/Pois      52%        1d5       30%         1
 Summon Small Mammal      Summ           52%        N/A       30%         1
 Blink                    Tloc           N/A        N/A       43%         2
 Call Imp                 Summ           13%        N/A       43%         2
 Corpse Rot               Necr/Air       N/A        N/A       43%         2
 Passwall                 Tmut/Erth      10%        N/A       43%         2
 Slow                     Hex            13%        N/A       43%         2
 Sublimation of Blood     Necr           6%         N/A       43%         2
 Olgreb's Toxic Radiance  Pois           13%        N/A       58%         4
 Call Canine Familiar     Summ           13%        N/A       67%         3
 Confusing Touch          Hex            13%        N/A       67%         3
 Lesser Beckoning         Tloc           13%        N/A       67%         3
 Summon Guardian Golem    Hex/Summ       13%        N/A       67%         3
 Vampiric Draining        Necr           6%         2d6       67%         3
 Lee's Rapid Deconstruct  Erth           6%         3d7*      88%         5
 Yara's Violent Unravell  Hex/Tmut       6%         3d5       88%         5
 Leda's Liquefaction      Hex/Erth       6%         N/A       97%         4
 Petrify                  Tmut/Erth      13%        N/A       97%         4
 Excruciating Wounds      Necr           6%         N/A       100%        5
 Manifold Assault         Tloc           13%        N/A       100%        5
 Summon Mana Viper        Hex/Summ       13%        N/A       100%        5
 Conjure Ball Lightning   Conj/Air       34%        3x3d11    22%         6
 Statue Form              Tmut/Erth      8%         N/A       100%        6
 Monstrous Menagerie      Summ           6%         N/A       100%        7
 Infestation              Necr           6%         N/A       100%        8


Dungeon Overview and Level Annotations

Branches:
Dungeon (15/15)            Temple (1/1) D:7            Lair (6/6) D:8
  Swamp (4/4) Lair:2       Spider (4/4) Lair:4        Slime (0/5) Lair:5
    Orc (2/2) D:12            Elf (3/3) Orc:2        Vaults (4/5) D:14
  Crypt (0/3) Vaults:2     Depths (0/4) D:15        Ossuary (visited)

Altars:
Ashenzari
Cheibriados
Dithmenos
Elyvilon
Fedhas
Gozag
Hepliaklqana
Kikubaaqudgha
Makhleb
Nemelex Xobeh
Okawaru
Qazlal
Ru
Sif Muna
Trog
Uskayaw
Vehumet
Wu Jian
Xom
Yredelemnul
Zin
The Shining One
Beogh
Jiyva

Shops:
D:4 [   D:12 *   Orc:1 *?   Orc:2 (*:[   Elf:2 !   Vaults:1 (

Annotations:
D:15 exclusion: 2 doors
Lair:5 2 transporters, Geeful's ghost, journeyman KoBr
Spider:3 3 runed translucent doors, MrDizzy's ghost, adept HOCA
Spider:4 2 runed translucent doors, exclusion: 2 doors, Garesar's ghost, adept MfFi
Elf:2 3 runed translucent doors


Innate Abilities, Weirdness & Mutations

((You are quick and stealthy near water. (Stealth+, EV+, Speed+++)))
Your lower body shifts to a powerful aquatic tail in water.


Message History

A film of ice covers your body!
The deep elf master archer shoots an arrow.
The arrow hits you!
* * * LOW HITPOINT WARNING * * *
The deep elf master archer shoots an arrow.
The arrow closely misses you.
The arrow hits the red devil!!!
The red devil dies!
The red devil disappears in a puff of smoke!
Casting: Ozocubu's Armour (safe; 0% risk of failure)
Confirm with . or Enter, or press ? or * to list all spells.
Aiming: Orb of Destruction (dangerous; 2% risk of failure)
Press: ? - help, Shift-Dir - straight line, f - deep elf master archer
Aim: a deep elf master archer, wielding a +0 longbow, wearing a +0 leather armour and quivering arrows (heavily wounded)
You feel a surge of power!
Your orb of destruction hits a rock wall.
The deep elf master archer shoots an arrow.
You block the arrow.
The deep elf master archer shoots an arrow.
The arrow hits you!
* * * LOW HITPOINT WARNING * * *
Casting: Orb of Destruction (dangerous; 2% risk of failure)
Confirm with . or Enter, or press ? or * to list all spells.
Aiming: Orb of Destruction (dangerous; 2% risk of failure)
Press: ? - help, Shift-Dir - straight line, f/p - deep elf master archer
Aim: a deep elf master archer, wielding a +0 longbow, wearing a +0 leather armour and quivering arrows (heavily wounded)
You feel a surge of power!
Your orb of destruction hits a rock wall.
The deep elf master archer shoots an arrow.
The arrow closely misses you.
The arrow hits the deep elf demonologist!!
The deep elf master archer shoots an arrow.
You block the arrow.
As you read the scroll of magic mapping, it crumbles to dust.
You feel aware of your surroundings.
The deep elf master archer shoots an arrow.
The arrow hits you!!
* * * LOW HITPOINT WARNING * * *
The deep elf master archer shoots an arrow.
The arrow hits you!!
You die...

.....# #.#[##
#.........# )######
###.# ####.######
......## #.# #.#
.###.#.## ##.########.#
.##.###.####...........#
.#.## ##.##.....########
..## ##.....e## ##.##
##.####.#.## ###.###.##
#)##@#* .....#.##
#.###e#* #####.##
#e####)#* ### #.).).#.#*
#.###.##.#* ### #[#*#.#
#)# *## ***#.# *,##.##


You could see a deep elf master archer and a deep elf demonologist.

Vanquished Creatures
  Mara (Elf:3)
  Bai Suzhen (Vaults:3)
  Mlioglotl (Swamp:4)
  2 thorn hunters
  A storm dragon (Vaults:3)
  A tengu reaver (D:14)
  A fenstrider witch (Swamp:4)
  3 deep elf sorcerers (Elf:3)
  2 orc warlords
  8 vault wardens
  4 ghost moths
  7 emperor scorpions
  Aizul (Swamp:3)
  2 ghouls
  A curse skull (Vaults:2)
  24 ironbound preservers
  2 deep elf elementalists (Elf:3)
  5 very ugly things
  A stone giant (D:15)
  5 war gargoyles
  Azrael (Spider:3)
  2 deep elf demonologists
  6 entropy weavers
  3 deep elf annihilators (Elf:3)
  14 dire elephants
  2 bunyips
  2 deep elf death magi
  2 eleionomae
  2 green deaths (Swamp:4)
  An ettin (Vaults:3)
  A crystal guardian (Vaults:2)
  Josephine (D:13)
  12 yaktaur captains
  5 deep elf high priests (Elf:3)
  3 great orbs of eyes
  11 vault guards
  6 ironbound thunderhulks
  A hell beast (Swamp:4)
  4 peacekeepers
  13 hydras
  3 boulder beetles
  16 centaur warriors
  12 ironbound frosthearts
  11 dancing weapons
  13 alligators
  8 two-headed ogres
  4 death yaks
  3 orc high priests (Orc:2)
  A thrashing horror (Swamp:4)
  Sonja (Lair:4)
  6 deep elf knights
  8 tengu warriors
  7 skeletal warriors
  12 spriggans
  65 deep trolls
  5 goliath frogs
  4 spriggan druids
  9 swamp dragons
  5 wizards
  17 lindwurms
  26 deep elf zephyrmancers
  13 bog bodies
  11 deep elf archers
  5 orc knights
  A lindwurm (shapeshifter) (D:13)
  5 harpies (Vaults:2)
  18 ironbound convokers
  20 orb spiders
  16 deep elf pyromancers
  3 orc sorcerers (Orc:2)
  21 ugly things
  3 will-o-the-wisps (Swamp:4)
  25 wolf spiders
  4 cyclopes
  A manticore (D:12)
  3 necromancers
  3 elephants (Lair:4)
  3 moths of wrath (Spider:4)
  3 black mambas
  2 orange demons (Swamp:4)
  14 vault sentinels
  Maurice (D:10)
  A torpor snail (Spider:3)
  A gargoyle (D:14)
  2 kobold demonologists
  2 rime drakes
  Psyche (D:11)
  21 cane toads
  9 komodo dragons
  An efreet (D:15)
  15 yaktaurs
  9 demonic crawlers
  2 tengu conjurers (D:15)
  42 jumping spiders
  A tengu simulacrum (Vaults:3)
  A meliai (shapeshifter) (D:15)
  3 polar bears
  8 trolls
  7 tyrant leeches
  29 blink frogs
  13 hornets
  61 slime creatures
  Prince Ribbit (D:9)
  2 shadows (Swamp:4)
  80 redbacks
  A vampire (D:13)
  A flying skull (Vaults:2)
  4 large abominations
  A centaur simulacrum (D:15)
  13 wraiths
  An ettin skeleton (Vaults:3)
  2 air elementals (Elf:1)
  29 tarantellas
  5 water elementals
  6 wyverns
  6 fire elementals
  22 yaks
  4 basilisks
  Grum (D:11)
  A steam dragon (D:7)
  9 vampire mosquitoes
  10 swamp worms
  6 wargs
  Menkaure (D:5)
  4 acid dragons
  A harpy simulacrum (D:14)
  17 water moccasins
  2 hell hounds (Spider:3)
  Duvessa (D:7)
  2 swamp drakes (Swamp:1)
  A small abomination (Swamp:4)
  4 black bears
  7 ogres
  33 orc warriors
  3 sky beasts
  5 necrophages
  18 wolves
  16 centaurs
  2 human zombies (Vaults:3)
  2 phantoms
  16 kobold brigands
  An elf zombie (Elf:1)
  3 scorpions
  22 bullfrogs
  Blork the orc (D:4)
  A gnoll sergeant (D:8)
  Dowan (D:7)
  4 earth elementals
  2 water moccasin zombies (Ossuary)
  2 wyvern skeletons
  A water moccasin skeleton (D:4)
  4 killer bees (D:11)
  4 wights (D:8)
  3 electric eels
  12 howler monkeys
  Crazy Yiuf (D:7)
  6 centaur zombies
  2 hounds
  3 jellies (D:5)
  13 orc priests
  A centaur skeleton (D:7)
  11 orc wizards
  3 killer bee zombies
  3 mummies
  8 gnolls
  A howler monkey skeleton (D:5)
  9 adders
  An ufetubus (D:5)
  An adder skeleton (D:4)
  4 adder zombies (Ossuary)
  2 worms (D:4)
  2 dart slugs
  71 orcs
  5 ball pythons
  7 bats
  10 endoplasms
  6 giant cockroaches
  4 goblins
  6 hobgoblins
  3 iguanas
  27 kobolds
  2 quokkas
  7 frilled lizards
  3 gnoll zombies (Ossuary)
  3 hobgoblin zombies (Ossuary)
  3 kobold zombies (Ossuary)
  5 orc zombies (Ossuary)
  5 rats
  9 briar patches (Swamp:4)
1453 creatures vanquished.

Vanquished Creatures (collateral kills)
  14 foxfires
14 creatures vanquished.

Vanquished Creatures (others)
  A hell beast (Swamp:4)
  A deep elf knight (Elf:1)
  A wolf spider (Spider:1)
  3 bloated husks
  A redback (Spider:1)
  A bush (Lair:6)
  771 foxfires
  60 fungi
  242 plants
  8 withered plants (D:8)
1089 creatures vanquished.

Grand Total: 2556 creatures vanquished

Notes
Turn   | Place    | Note
-------+----------+-------------------------------------------
     0 | D:1      | Sixotanaka the Merfolk Ice Elementalist began the quest for
                  | the Orb.
     0 | D:1      | Reached XP level 1. HP: 13/13 MP: 3/3
   341 | D:1      | Reached XP level 2. HP: 19/19 MP: 5/5
   454 | D:1      | Reached skill level 5 in Ice Magic
   466 | D:1      | Found a faded altar of an unknown god.
  1203 | D:2      | Reached XP level 3. HP: 24/24 MP: 3/6
  1311 | D:2      | Reached skill level 1 in Shields
  1701 | D:2      | Reached XP level 4. HP: 27/30 MP: 3/7
  2140 | D:3      | Reached skill level 6 in Ice Magic
  2219 | D:2      | Learned a level 3 spell: Frozen Ramparts
  2223 | D:2      | Learned a level 3 spell: Ozocubu's Armour
  2240 | D:3      | Reached XP level 5. HP: 26/35 MP: 4/8
  2374 | D:3      | Found a glowing silver altar of Zin.
  2437 | D:3      | Noticed an air elemental
  2440 | D:3      | Found a stormy altar of Qazlal.
  2442 | D:3      | Noticed a water elemental
  2442 | D:3      | Noticed a fire elemental
  3381 | D:4      | Noticed an ogre
  3506 | D:4      | Noticed Blork the orc
  3516 | D:4      | Killed Blork the orc
  3517 | D:4      | Reached skill level 7 in Ice Magic
  3517 | D:4      | Reached XP level 6. HP: 41/41 MP: 0/9
  3686 | D:4      | Found a broken altar of Ashenzari.
  4329 | D:4      | Reached XP level 7. HP: 35/46 MP: 6/10
  4559 | D:4      | Reached skill level 8 in Ice Magic
  4770 | D:4      | Found Rone Nun's Antique Armour Emporium.
  4774 | D:4      | Bought a faintly humming cloak for 152 gold pieces
  4774 | D:4      | Identified the +0 cloak of Gluttony {rElec} (You bought it
                  | in a shop on level 4 of the Dungeon)
  4860 | D:5      | Entered Level 5 of the Dungeon
  4871 | D:5      | Learned a level 1 spell: Magic Dart
  5024 | D:5      | Found a sand-covered staircase.
  5065 | Ossuary  | Entered an ossuary
  5345 | Ossuary  | Reached skill level 1 in Conjurations
  6372 | D:5      | Reached skill level 9 in Ice Magic
  6372 | D:5      | Reached XP level 8. HP: 52/52 MP: 1/11
  6634 | D:5      | Noticed Menkaure
  6644 | D:5      | Killed Menkaure
  6881 | D:5      | Found a shimmering altar of Xom.
  7313 | D:6      | Reached skill level 10 in Ice Magic
  7823 | D:6      | Reached XP level 9. HP: 57/57 MP: 8/12
  8041 | D:6      | Reached skill level 11 in Ice Magic
  8083 | D:6      | Found a basalt altar of Yredelemnul.
  8737 | D:7      | Found a staircase to the Ecumenical Temple.
  8746 | Temple   | Entered the Ecumenical Temple
  8759 | Temple   | Became a worshipper of Vehumet
  8811 | D:7      | Noticed Duvessa
  8811 | D:7      | Noticed Dowan
  8817 | D:7      | Killed Duvessa
  8826 | D:7      | Killed Dowan
  8827 | D:7      | Reached skill level 5 in Conjurations
  9048 | D:7      | Reached skill level 5 in Dodging
  9696 | D:7      | Found a runed translucent door.
  9696 | D:7      | Noticed Crazy Yiuf
  9702 | D:7      | Learned a level 4 spell: Hailstorm
 10019 | D:7      | Killed Crazy Yiuf
 10207 | D:4      | Bought a pair of glowing gloves for 120 gold pieces
 10207 | D:4      | Bought a brightly glowing leather armour for 112 gold
                  | pieces
 10207 | D:4      | Identified the +1 leather armour "Vyddaten" {rF+ Dex+3}
                  | (You bought it in a shop on level 4 of the Dungeon)
 10447 | D:8      | Reached * piety under Vehumet
 10447 | D:8      | Offered knowledge of Foxfire by Vehumet.
 10572 | D:8      | Found a large runed translucent door.
 10572 | D:8      | Found a large runed translucent door.
 10795 | D:8      | Reached XP level 10. HP: 48/63 MP: 9/13
 10959 | D:8      | Learned a level 1 spell: Foxfire
 10998 | D:8      | Found a staircase to the Lair.
 11341 | D:8      | Reached ** piety under Vehumet
 11343 | D:8      | Offered knowledge of Shock by Vehumet.
 11836 | D:9      | Noticed Prince Ribbit
 11842 | D:9      | Killed Prince Ribbit
 11998 | D:9      | Noticed a two-headed ogre
 12004 | D:9      | Killed a two-headed ogre
 12248 | D:9      | Noticed a kobold demonologist
 12255 | D:9      | Killed a kobold demonologist
 12732 | D:9      | Offered knowledge of Ignite Poison by Vehumet.
 12858 | D:9      | Reached XP level 11. HP: 55/68 MP: 11/15
 13003 | D:9      | Noticed a skeletal warrior
 13003 | D:9      | Noticed a skeletal warrior
 13061 | D:9      | Noticed a skeletal warrior
 13348 | Lair:1   | Entered Level 1 of the Lair of Beasts
 13361 | Lair:1   | Reached *** piety under Vehumet
 13558 | Lair:1   | Reached skill level 10 in Dodging
 13994 | Lair:1   | Reached skill level 10 in Conjurations
 14138 | Lair:1   | Identified the ring of Henotheism {rElec rC- rCorr EV+4
                  | Int+4}
 14216 | Lair:1   | Offered knowledge of Iskenderun's Mystic Blast by Vehumet.
 14453 | Lair:1   | Found an ornate altar of the Wu Jian Council.
 15602 | Lair:2   | Learned a level 4 spell: Iskenderun's Mystic Blast
 16229 | Lair:1   | Reached skill level 1 in Fighting
 16519 | Lair:2   | Reached XP level 12. HP: 76/78 MP: 8/18
 16651 | Lair:2   | Found a staircase to the Swamp.
 16821 | Lair:2   | Reached skill level 12 in Ice Magic
 16890 | Lair:2   | Reached **** piety under Vehumet
 17584 | Lair:3   | Noticed Sonja
 17836 | Lair:4   | Reached skill level 5 in Spellcasting
 18207 | Lair:3   | Reached skill level 5 in Fighting
 19175 | Lair:4   | Noticed a catoblepas
 19507 | Lair:4   | Noticed a seven-headed hydra
 19554 | Lair:4   | Found a white marble altar of Elyvilon.
 19884 | Lair:4   | Killed Sonja
 20091 | Lair:4   | Found a hole to the Spider Nest.
 20103 | Lair:4   | Reached skill level 13 in Ice Magic
 20165 | Lair:4   | Offered knowledge of Iskenderun's Battlesphere by Vehumet.
 20173 | Lair:4   | Learned a level 5 spell: Iskenderun's Battlesphere
 20523 | Lair:4   | Found a broken altar of Ashenzari.
 20550 | Lair:4   | Killed a seven-headed hydra
 21079 | Lair:5   | Reached XP level 13. HP: 95/95 MP: 12/22
 21153 | Lair:5   | Found a transporter.
 21156 | Lair:5   | Found a bloodstained altar of Trog.
 21156 | Lair:5   | Noticed Geeful's ghost (journeyman KoBr)
 21167 | Lair:5   | Found a transporter.
 22007 | Lair:5   | Found a staircase to the Slime Pits.
 22007 | Lair:5   | Found a viscous altar of Jiyva.
 22189 | Lair:6   | Entered Level 6 of the Lair of Beasts
 23139 | Lair:6   | Reached ***** piety under Vehumet
 23564 | Lair:6   | Offered knowledge of Ozocubu's Refrigeration by Vehumet.
 24244 | Lair:6   | Reached XP level 14. HP: 76/105 MP: 2/26
 25299 | D:8      | Found a glowing golden altar of the Shining One.
 25302 | D:8      | Found a sacrificial altar of Ru.
 26023 | D:10     | Entered Level 10 of the Dungeon
 26031 | D:10     | Noticed Maurice
 26344 | D:10     | Killed Maurice
 27009 | D:10     | Found an iron altar of Okawaru.
 27155 | D:11     | Noticed Psyche
 27166 | D:11     | Killed Psyche
 27306 | D:11     | Noticed Grum
 27312 | D:11     | Killed Grum
 28123 | D:11     | You fall into a shaft and drop 3 floors!
 28164 | D:14     | HP: 5/105 [tengu warrior (5)]
 28787 | D:14     | Found a gate to the Vaults.
 29846 | D:13     | Noticed Josephine
 30192 | D:13     | Killed Josephine
 30949 | D:12     | Found a flagged portal.
 30957 | D:12     | Identified the +5 hand axe of the Doomed Warrior {speed,
                  | Dex+6}
 31056 | D:12     | Found a staircase to the Orcish Mines.
 31828 | D:12     | Reached XP level 15. HP: 110/110 MP: 22/27
 31952 | D:12     | Offered knowledge of Flame Wave by Vehumet.
 32026 | D:12     | Learned a level 3 spell: Stone Arrow
 32032 | D:12     | Reached skill level 15 in Conjurations
 32279 | D:12     | You fall into a shaft and drop 2 floors!
 32431 | D:14     | Found a radiant altar of Vehumet.
 33167 | D:13     | You fall into a shaft and drop 2 floors!
 33167 | D:15     | Entered Level 15 of the Dungeon
 33526 | D:12     | Found Ullaxip's Assorted Antiques.
 33534 | D:12     | Bought a scroll of teleportation for 84 gold pieces
 33534 | D:12     | Bought a potion of curing for 84 gold pieces
 33534 | D:12     | Bought a potion of curing for 84 gold pieces
 33534 | D:12     | Bought a scroll of identify for 56 gold pieces
 33692 | Orc:1    | Entered Level 1 of the Orcish Mines
 33840 | Orc:2    | Entered Level 2 of the Orcish Mines
 33970 | Orc:1    | Found Taim Voig's General Store.
 33977 | Orc:1    | Found Zufeocir's Magic Scroll Shop.
 34042 | Orc:1    | Bought a scroll of teleportation for 45 gold pieces
 34112 | Orc:1    | Bought a scroll of brand weapon for 320 gold pieces
 34112 | Orc:1    | Bought a scroll of identify for 32 gold pieces
 34112 | Orc:1    | Bought a scroll of identify for 32 gold pieces
 34112 | Orc:1    | Bought a scroll of identify for 32 gold pieces
 34112 | Orc:1    | Bought a scroll of identify for 32 gold pieces
 34347 | Orc:2    | Noticed an orc warlord
 36770 | D:15     | Found a staircase to the Depths.
 37792 | Spider:1 | Entered Level 1 of the Spider Nest
 37889 | Lair:4   | Reached skill level 10 in Spellcasting
 38933 | Lair:4   | HP: 5/110 [poisoned by a wolf spider]
 38938 | Lair:4   | HP: 3/110 [poisoned by a wolf spider]
 39522 | Spider:1 | Reached skill level 15 in Dodging
 39522 | Spider:1 | Reached XP level 16. HP: 109/117 MP: 13/30
 40188 | Spider:1 | You fall into a shaft and drop 1 floor!
 43096 | Spider:3 | Found a runed translucent gate.
 43096 | Spider:3 | Found a runed translucent gate.
 43096 | Spider:3 | Found a runed translucent gate.
 43097 | Spider:3 | Noticed MrDizzy's ghost (adept HOCA)
 43322 | Spider:3 | Reached ****** piety under Vehumet
 43323 | Spider:3 | Offered knowledge of Lee's Rapid Deconstruction by Vehumet.
 43531 | Spider:3 | Noticed Azrael
 44462 | Spider:3 | Identified the +0 pair of gloves "Lyanaeck" {Will++}
 44944 | Spider:3 | Killed Azrael
 45532 | Spider:4 | Entered Level 4 of the Spider Nest
 45548 | Spider:4 | Found a large runed translucent door.
 45549 | Spider:4 | Found a large runed translucent door.
 45554 | Spider:4 | Noticed Garesar's ghost (adept MfFi)
 45599 | Spider:4 | Offered knowledge of Conjure Ball Lightning by Vehumet.
 46160 | Lair:4   | You fall into a shaft and drop 2 floors!
 46564 | Swamp:1  | Entered Level 1 of the Swamp
 47909 | Swamp:1  | Noticed a thorn hunter
 47918 | Swamp:1  | Killed a thorn hunter
 48414 | Swamp:2  | Reached XP level 17. HP: 99/125 MP: 16/34
 50129 | Swamp:3  | Reached skill level 10 in Fighting
 50740 | Swamp:3  | Noticed Aizul
 50749 | Swamp:3  | Killed Aizul
 51171 | Swamp:4  | Entered Level 4 of the Swamp
 51290 | Swamp:4  | Offered knowledge of Eringya's Noxious Bog by Vehumet.
 51304 | Swamp:4  | Paralysed by a fenstrider witch for 7 turns
 51576 | Swamp:4  | Identified the +3 pearl dragon scales of Xeikh {rN+ SInv
                  | Stlth+}
 52156 | Swamp:4  | Reached skill level 1 in Armour
 52275 | Swamp:4  | Noticed Mlioglotl
 52630 | Spider:3 | HP: 5/128 [ghost moth (5)]
 54694 | Spider:4 | Reached skill level 1 in Short Blades
 57411 | Spider:4 | Got a gossamer rune of Zot
 57641 | Lair:4   | Reached XP level 18. HP: 134/134 MP: 5/35
 58191 | Orc:2    | Reached skill level 5 in Short Blades
 58411 | Orc:2    | Found a staircase to the Elven Halls.
 58428 | Orc:2    | Found Ydarof's General Store.
 58501 | Orc:2    | Bought an amulet of the acrobat for 450 gold pieces
 59151 | Orc:2    | Found Yfuo's Book Emporium.
 59188 | Orc:2    | Offered knowledge of Spellforged Servitor by Vehumet.
 59347 | Orc:2    | Found Mos Yfon's Antique Armour Emporium.
 59359 | Orc:2    | Bought a translucent helmet for 294 gold pieces
 59359 | Orc:2    | Identified the +0 helmet of Jaluer Loim {rElec} (You bought
                  | it in a shop on level 2 of the Orcish Mines)
 59491 | Orc:2    | Found Qeugupil's Antique Weapon Emporium.
 60162 | Vaults:1 | Entered Level 1 of the Vaults
 60328 | Elf:1    | Entered Level 1 of the Elven Halls
 60430 | Elf:1    | Paralysed by an air elemental for 1 turns
 60733 | Elf:1    | Reached skill level 14 in Ice Magic
 61190 | Elf:1    | Paralysed by an air elemental for 1 turns
 62146 | Elf:1    | Got the Compendium of Evil Rituals
 62190 | Elf:1    | Identified the +1 dagger "Jutaok" {freeze, Int+3}
 62295 | Elf:2    | Reached skill level 5 in Shields
 62523 | Elf:2    | Found Wunaed's Distillery.
 62527 | Elf:2    | Bought a potion of curing for 45 gold pieces
 62527 | Elf:2    | Bought a potion of curing for 45 gold pieces
 62527 | Elf:2    | Bought a potion of curing for 45 gold pieces
 63714 | Elf:2    | Found a runed translucent gate.
 63715 | Elf:2    | Found a runed translucent gate.
 63715 | Elf:2    | Found a runed translucent gate.
 63723 | Elf:2    | Noticed a deep elf blademaster
 63743 | Elf:3    | Entered Level 3 of the Elven Halls
 63823 | Elf:3    | Learned a level 7 spell: Orb of Destruction
 64182 | Elf:3    | Noticed Mara
 64188 | Elf:3    | Noticed Sixotanaka's illusion
 64798 | Elf:3    | Noticed Sixotanaka's illusion
 64800 | Elf:3    | Killed Mara
 64801 | Elf:3    | Reached XP level 19. HP: 104/140 MP: 23/36
 64927 | Elf:3    | Offered knowledge of Maxwell's Capacitive Coupling by
                  | Vehumet.
 65280 | Elf:3    | Identified the +3 great sword "Hevag" {venom, rElec SInv}
 65627 | Swamp:4  | Killed Mlioglotl
 67620 | Swamp:4  | Got a decaying rune of Zot
 69545 | D:14     | Offered knowledge of Shatter by Vehumet.
 69545 | D:14     | Offered knowledge of Chain Lightning by Vehumet.
 69545 | D:14     | Offered knowledge of Polar Vortex by Vehumet.
 69556 | D:14     | Learned a level 9 spell: Polar Vortex
 69594 | D:14     | Reached skill level 10 in Shields
 69604 | D:14     | Reached skill level 15 in Ice Magic
 71332 | Vaults:1 | Reached skill level 16 in Ice Magic
 71569 | Vaults:1 | Found Jummivuxt's Antique Weapon Shoppe.
 71956 | Vaults:1 | Reached XP level 20. HP: 147/147 MP: 26/37
 72691 | Vaults:2 | Found a flickering gateway to a bazaar.
 72708 | Bazaar   | Entered a bazaar
 72761 | Bazaar   | Found Xakhyq's Assorted Antiques.
 72778 | Bazaar   | Found Seuwiaf's Magic Scroll Shoppe.
 72814 | Bazaar   | Found Reijisusk's Distillery.
 72830 | Bazaar   | Found Orra's Antique Armour Emporium.
 72925 | Bazaar   | Bought a fine golden amulet for 110 gold pieces
 72925 | Bazaar   | Identified the amulet of Vas Vuri {Faith rElec Will+} (You
                  | bought it in a shop in a bazaar)
 72952 | Bazaar   | Bought a glowing hat for 154 gold pieces
 72966 | Bazaar   | Bought a scroll of teleportation for 42 gold pieces
 72966 | Bazaar   | Bought a scroll of blinking for 105 gold pieces
 72995 | Bazaar   | Bought 2 potions of curing for 66 gold pieces
 72995 | Bazaar   | Bought a potion of haste for 110 gold pieces
 72995 | Bazaar   | Bought a potion of curing for 33 gold pieces
 72995 | Bazaar   | Bought a potion of curing for 33 gold pieces
 73024 | Bazaar   | Bought a scroll of enchant armour for 105 gold pieces
 73024 | Bazaar   | Bought a scroll of enchant weapon for 105 gold pieces
 73617 | Vaults:2 | Reached skill level 17 in Ice Magic
 74676 | Vaults:2 | Found a staircase to the Crypt.
 75328 | Vaults:2 | Reached skill level 18 in Ice Magic
 77304 | Vaults:3 | Noticed Bai Suzhen
 77335 | Vaults:3 | Killed Bai Suzhen
 77955 | Vaults:3 | Reached XP level 21. HP: 102/153 MP: 37/38
 79896 | Vaults:3 | Reached skill level 19 in Ice Magic
 81556 | Vaults:4 | Reached skill level 20 in Ice Magic
 82195 | Vaults:4 | Reached skill level 15 in Shields
 83597 | Elf:3    | Identified the +2 robe of Eternal Vigilance {rN+ Slay+2}
 83599 | Elf:3    | Identified the +1 trident "Qounotrent" {vorpal, rElec MP+9
                  | Str+6 Int-4}
 83663 | Elf:3    | Identified the +3 chain mail of Zin's Condemnation {Harm}
 83871 | Elf:3    | Reached skill level 21 in Ice Magic
 84005 | Elf:3    | Shot with an arrow by a deep elf master archer

Illustrated notes

Levels and vault maps discovered:
D:1:      arrival_zaba_pyramid, layout_loops_ring,
          hellmonk_ecumenical_altar_lost_god
D:2:      layout_rooms, amcnicky_mini_corridor_feature
D:3:      layout_loops_ring, nicolae_qazlal_style_of_elements,
          mainiacjoe_overflow_24_doors, kennysheep_decorative_pillar,
          kennysheep_nub, wander_ebering_terrifying_dragon_lair
D:4:      layout_basic, mainiacjoe_overflow_boulevard, serial_shops, shop,
          kennysheep_generic_room_6, uniq_blork_the_orc
D:5:      layout_loops_ring, dk_xom_monty_hall, nicolae_ossuary_entry_monument,
          uniq_menkaure
D:6:      layout_loops_ring, nicolae_overflow_crystal_walls,
          serial_bayou_lagoon_a, corexii_hall_statues_i
D:7:      layout_basic, minmay_temple_entry_offerings, serial_corexii_hall,
          chequers_hall_statues_y, corexii_hall_statues_x, uniq_duvessa,
          uniq_crazy_yiuf_cottage
D:8:      layout_loops_ring, jmf_multi_god_temple2, david_lair_shrubbed,
          serial_undead, serial_undead_b, serial_undead_a, serial_undead_b,
          serial_undead_e
D:9:      layout_roguey, special_room [special_room_kobold], uniq_prince_ribbit1
D:10:     layout_cave_pools, marbit_many_paths, uniq_maurice
D:11:     layout_irregular_city, uniq_psyche, uniq_grum
D:12:     layout_basic, minmay_orc_entry_temple_small, serial_shops, shop,
          enter_bailey_2
D:13:     layout_irregular_city, uniq_josephine
D:14:     layout_roguey, erik_vaults_1, nicolae_vehumet_altar_sigil
D:15:     grunt_enter_depths_snipers, layout_irregular_city, serial_glass,
          glass_columns_a, glass_columns_c, minmay_misc_feat_tiny
Temple:   eino_temple_lava
Lair:1:   layout_cave_pods, basic_altar, beast_lair_carwin_11
Lair:2:   layout_cave_pods, skrybe_swamp_entry_bodies,
          cheibrodos_lair_reptile_den, grunt_megastairs_2
Lair:3:   layout_cave_pods, st_stairs_10, lemuel_old_faithful, uniq_sonja
Lair:4:   wad_woods_stonehenge, layout_gridlike,
          nicolae_spider_entry_tight_spaces, basic_altar, serial_forest,
          infiniplex_forest_lined_room_2, infiniplex_forest_zigzag_1,
          infiniplex_forest_join, infiniplex_forest_straight_3,
          infiniplex_forest_straight_1, infiniplex_forest_lined_3_way,
          infiniplex_forest_diagonal, infiniplex_forest_fountain,
          infiniplex_forest_lined_corner
Lair:5:   layout_hall_layers, slime_altar_1, gammafunk_ghost_wrathful_warriors,
          lemuel_fruit_fields
Lair:6:   minmay_lair_end_frog_pond, layout_big_grid, minivault_25,
          gammafunk_lair_bear_cave, serial_bayou_shore_b
Swamp:1:  nicolae_swamp_ascending_descending, layout_basic_swamp,
          nicolae_swamp_decorative_isthmus, infiniplex_staircase_pool
Swamp:2:  layout_falls_marsh, evilmike_swamp_ruin_house_4
Swamp:3:  layout_basic_swamp, hangedman_swamp_diagram, uniq_aizul
Swamp:4:  swamp_vile, layout_basic_swamp, swamp_pool2,
          nicolae_swamp_spooky_pond, uniq_mlioglotl
Spider:1: layout_spider_delve, nicolae_spider_shape
Spider:2: layout_chambers
Spider:3: nicolae_spider_hilbert_zone_7 [nicolae_spider_hilbert_4_sides_1_open,
          nicolae_spider_hilbert_4_sides_1_open,
          nicolae_spider_hilbert_4_sides_1_open,
          nicolae_spider_hilbert_4_sides_1_open,
          nicolae_spider_hilbert_3_sides_1_open,
          nicolae_spider_hilbert_3_sides_1_open,
          nicolae_spider_hilbert_3_sides_1_open,
          nicolae_spider_hilbert_3_sides_1_open,
          nicolae_spider_hilbert_4_sides_1_open,
          nicolae_spider_hilbert_4_sides_1_open,
          nicolae_spider_hilbert_4_sides_1_open,
          nicolae_spider_hilbert_2_sides_1_open,
          nicolae_spider_hilbert_2_sides_1_open,
          nicolae_spider_hilbert_2_sides_1_open,
          nicolae_spider_hilbert_2_sides_1_open,
          nicolae_spider_hilbert_2_sides_1_open,
          nicolae_spider_hilbert_2_sides_1_open], ebering_ghost_rock_garden,
          nicolae_spider_bug_shape, uniq_azrael
Spider:4: grunt_spider_rune_circles, ebering_ghost_disaster_area
Orc:1:    layout_caves, serial_shops, shop, shop
Orc:2:    grunt_orc_gardens, layout_caves, grunt_orc_garden, grunt_orc_garden,
          grunt_orc_garden, grunt_orc_garden, basic_altar, mines1_david
Elf:1:    elf_arrival_001, layout_rooms, minmay_elf_necromancy
Elf:2:    nicolae_elf_blades_crystal_corner, layout_geoelf_octagon,
          serial_shops, shop
Elf:3:    minmay_elf_hall_four_x, layout_loops_corners,
          nicolae_twisting_strands, minivault_19, uniq_mara
Vaults:1: nicolae_vaults_rhombus_6, hangedman_vaults_stagger, v_misc_23,
          vaults_mumra_chevron_long, v_misc_2, grunt_vaults_focal,
          vaults_mumra_bighexcomb, vaults_room_hallway, v_pattern_5,
          nicolae_vaults_little_squares_5, layout_vaults_maze_snakey,
          serial_shops, nicolae_lakefront_shop
Vaults:2: v_alt_pattern_2, nicolae_vaults_hallways_thing,
          nicolae_vaults_windows_and_doors_thing, vaults_room_door_hall,
          v_misc_5, vaults_mumra_minichess_inversion,
          minmay_crypt_entry_simple_plaza, v_misc_16, v_misc_30,
          vaults_dpeg_cross, layout_vaults_ring, serial_shops,
          bzr_entry_lakeside
Vaults:3: nicolae_vaults_triangles, v_misc_4, v_misc_31, v_misc_13,
          nicolae_vaults_little_squares_1, ontoclasm_vaults_eye,
          nicolae_vaults_know_your_exits, layout_vaults_omnigrid,
          uniq_bai_suzhen
Vaults:4: nicolae_vaults_network_square, hangedman_vaults_river_flow,
          nicolae_vaults_yaktaur_gun_rack, vaults_room_fancy_cross, v_misc_14,
          vaults_mumra_hex, nicolae_vaults_stairing_the_circle,
          nicolae_vaults_little_squares_4, nicolae_vaults_theta,
          nicolae_vaults_ninety_degrees, ontoclasm_vaults_decontamination,
          ontoclasm_vaults_gateway, hangedman_vaults_stretched_pinwheel,
          layout_vaults_omnicross

Skill      XL: |  1  2  3  4  5  6  7  8  9 10 11 12 13 14 15 16 17 18 19 20 21 |
---------------+----------------------------------------------------------------+-----
Ice Magic      | 5 6 7 9 10 11 13 14 16 18 21 | 21.1
Shields        | 1 2 3 4 7 10 13 15 | 15.0
Conjurations   | 2 3 6 9 11 13 14 15 16 17 18 19 | 19.2
Dodging        | 6 9 10 12 15 16 | 16.0
Spellcasting   | 3 4 6 8 10 13 | 13.1
Fighting       | 2 6 8 9 10 | 10.0
Armour         | 3 4 |  4.0
Short Blades   | 4 5 |  5.0
Stealth        | |  2.1

Action                   |  1- 3 |  4- 6 |  7- 9 | 10-12 | 13-15 | 16-18 | 19-21 || total
-------------------------+-------+-------+-------+-------+-------+-------+-------++-------
Melee: Dagger            |    14 |    32 |   160 |       |       |       |       ||   206
       Rapier            |       |       |   132 |   132 |    97 |   106 |    12 ||   479
       Tailslap          |       |       |     1 |       |       |     6 |       ||     7
       Staff             |       |       |       |       |     1 |     8 |     3 ||    12
Throw: Boomerang         |       |       |       |       |       |     2 |       ||     2
 Cast: Freeze            |    43 |    46 |    70 |   285 |   142 |   143 |     5 ||   734
       Frozen Ramparts   |       |     7 |    33 |    53 |    40 |    37 |    20 ||   190
       Ozocubu's Armour  |       |     4 |    37 |    41 |    48 |    37 |    25 ||   192
       Magic Dart        |       |       |    35 |    89 |   137 |   177 |    25 ||   463
       Foxfire           |       |       |       |    61 |   365 |    12 |     3 ||   441
       Hailstorm         |       |       |       |    10 |    96 |   125 |   215 ||   446
       Iskenderun's Myst |       |       |       |    13 |    53 |    91 |   132 ||   289
       Iskenderun's Batt |       |       |       |     7 |   116 |   136 |    33 ||   292
       Stone Arrow       |       |       |       |       |    85 |   650 |   391 ||  1126
       Orb of Destructio |       |       |       |       |       |     4 |   183 ||   187
Evoke: Wand              |       |       |       |       |     2 |     5 |     1 ||     8
       Phantom mirror    |       |       |       |       |       |     1 |       ||     1
  Use: Scroll            |       |     3 |     6 |     6 |    28 |    15 |     9 ||    67
       Potion            |       |       |       |     4 |     5 |    11 |     1 ||    21
 Stab: Sleeping          |     3 |     3 |     3 |     3 |     2 |       |       ||    14
Armor: Robe              |     7 |    13 |    43 |       |       |       |       ||    63
       Leather armour    |       |       |    63 |   119 |   215 |   119 |       ||   516
       Pearl dragon scal |       |       |       |       |       |   225 |   178 ||   403
Dodge: Dodged            |    24 |    34 |   202 |   320 |   505 |   685 |   209 ||  1979
Block: Buckler           |       |       |    45 |   128 |   142 |   300 |   168 ||   783

Table legend: (Time is in decaauts)
 A = Elapsed time spent in this place.
 B = Non-inter-level travel time spent in this place.
 C = Inter-level travel time spent in this place.
 D = Time resting spent in this place.
 E = Time spent auto-exploring this place.
 F = Levels seen in this place.
 G = Mean time per level.
                   A        B        C        D        E       F      G
               +--------+--------+--------+--------+--------+-----+--------+
         Total |  83670 |  79019 |   4651 |  36187 |  28829 |  41 | 2040.7 |
       Dungeon |  27184 |  25388 |   1796 |  10152 |  10905 |  15 | 1812.3 |
        Temple |     22 |     22 |      0 |      0 |      0 |   1 |   22.0 |
          Lair |  14421 |  13059 |   1362 |   6150 |   4880 |   6 | 2403.5 |
         Swamp |   7862 |   7610 |    252 |   4295 |   2276 |   4 | 1965.5 |
   Spider Nest |  11934 |  11406 |    528 |   6281 |   3013 |   4 | 2983.5 |
  Orcish Mines |   3596 |   3378 |    218 |   1448 |   1470 |   2 | 1798.0 |
   Elven Halls |   4721 |   4522 |    199 |   1703 |   1527 |   3 | 1573.7 |
        Vaults |  12761 |  12468 |    293 |   5791 |   4451 |   4 | 3190.2 |
        Bazaar |    389 |    389 |      0 |     49 |     51 |   1 |  389.0 |
       Ossuary |    776 |    776 |      0 |    316 |    254 |   1 |  776.0 |
               +--------+--------+--------+--------+--------+-----+--------+

Top non-repeatable levels by time:
    D:14: 4960 daAuts
Vaults:3: 4039 daAuts
Spider:3: 4014 daAuts
  Lair:4: 3599 daAuts
Spider:4: 3557 daAuts
Vaults:2: 3400 daAuts
Spider:2: 2907 daAuts
   Orc:2: 2865 daAuts
 Swamp:4: 2849 daAuts
Vaults:4: 2678 daAuts
Vaults:1: 2642 daAuts
  Lair:1: 2507 daAuts
  Lair:6: 2501 daAuts
    D:13: 2435 daAuts
     D:9: 2399 daAuts
